 Dungeon Crawl Stone Soup version 0.30-a0-341-g682706514a (webtiles) character file.

Game seed: 15804422308857892878

324 IdlyInterested the Trooper (level 6, 0/48 HPs)
             Began as a Demonspawn Wanderer on Nov 4, 2022.
             Slain by a gnoll
             ... wielding a +0 club
              (4 damage)
             ... on level 4 of the Dungeon.
             The game lasted 00:11:18 (3109 turns).

IdlyInterested the Trooper (Demonspawn Wanderer)    Turns: 3109, Time: 00:11:19

Health: 0/48       AC:  4    Str: 16    XL:     6   Next: 23%
Magic:  9/9        EV:  9    Int: 15    God:
Gold:   40         SH:  5    Dex:  9    Spells: 5/9 levels left

rFire   x . .      SeeInvis .    f - +1 war axe
rCold   + . .      Faith    .    (no shield)
rNeg    . . .      Spirit   .    n - +0 scale mail
rPois   .          Reflect  +    (no helmet)
rElec   .          Harm     .    (no cloak)
rCorr   .          Rampage  .    (no gloves)
Will    .....                    (no boots)
Stlth   ..........               r - amulet of reflection
HPRegen 0.28/turn                l - ring of ice
MPRegen 0.22/turn                (no ring)

@: lethally poisoned (0 -> -7), corroded, attractive, studying Spellcasting
A: icy blue scales 1, demonic guardian 2, magic regeneration
a: no special abilities


You were on level 4 of the Dungeon.
You visited 1 branch of the dungeon, and saw 4 of its levels.

You collected 190 gold pieces.
You spent 150 gold pieces at shops.

Inventory:

Hand Weapons
 a - a +0 dagger
 f - a +1 war axe (weapon)
 j - a +0 short sword
Missiles
 b - 14 poisoned darts (quivered)
 g - 2 boomerangs
 u - 4 silver javelins
Armour
 e - a +0 leather armour
 n - a +0 scale mail (worn)
 p - a +0 ring mail
Jewellery
 l - a ring of ice (left hand)
 r - an amulet of reflection (around neck)
Wands
 c - a wand of polymorph (17)
Scrolls
 o - a scroll of magic mapping
 q - 2 scrolls of teleportation
Potions
 d - 4 potions of lignification
 h - a potion of magic
 i - a potion of curing {unknown}
 k - 2 potions of flight
 m - 3 potions of haste
 s - a potion of resistance


   Skills:
 * Level 4.1 Fighting
 - Level 2.6 Throwing
 - Level 2.0 Armour
 * Level 1.8 Dodging
 - Level 2.0 Stealth
 - Level 2.0 Spellcasting
 * Level 0.2 Conjurations
 - Level 2.0 Hexes
 - Level 4.0 Evocations


You had 5 spell levels left.
You knew the following spells:

 Your Spells              Type           Power      Damage    Failure   Level
a - Slow                  Hex            28%        N/A       34%         1
b - Dazzling Flash        Conj/Hex       8%         N/A       83%         3

Your spell library contained the following spells:

 Spells                   Type           Power      Damage    Failure   Level
 Freeze                   Ice            8%         1d3       63%         1
 Hailstorm                Conj/Ice       2%         3d3       93%         3
 Stone Arrow              Conj/Erth      2%         3d7       93%         3
 Frozen Ramparts          Ice            4%         1d1       94%         3
 Animate Armour           Summ/Erth      2%         N/A       100%        4
 Lehudib's Crystal Spear  Conj/Erth      0%         10d2      100%        8


Dungeon Overview and Level Annotations

Branches:
Dungeon (4/15)
 Temple: D:4-7

Altars:
Trog

Shops:
D:1 *   D:2 [


Innate Abilities, Weirdness & Mutations

You are partially covered in icy blue scales. (AC +2)
A demonic guardian rushes to your aid.
You regenerate magic rapidly.


Message History

Aim: a gnoll, wielding a +2 halberd of venom (61% to hit)
You throw a poisoned dart. The poisoned dart hits the gnoll.
The gnoll closely misses you.
The gnoll hits you from afar with a +0 spear.
The gnoll hits you with a +2 halberd of venom.
You are poisoned.
You hit the gnoll.
The gnoll is moderately wounded.
You slash the jelly! The acid corrodes you!
Your hands burn!
You feel very sick.
The gnoll hits you from afar with a +0 spear.
The jelly barely misses you. The gnoll closely misses you. x2
The jelly hits you but does no damage.
You hit the gnoll but do no damage.
The gnoll is moderately wounded.
You slash the jelly!
You kill the jelly!
You feel very sick. The gnoll closely misses you.
You barely miss the gnoll.
The gnoll is moderately wounded.
You feel sick.
The gnoll hits you with a +2 halberd of venom!
You are more poisoned.
You slash the gnoll!
The gnoll is severely wounded.
You feel very sick. The gnoll closely misses you.
The gnoll hits you with a +0 club.
* * * LOW HITPOINT WARNING * * *
* * * LOW HITPOINT WARNING * * *
You feel very sick. You block the gnoll's attack.
It was a potion of attraction.
You feel attractive to monsters.
* * * LOW HITPOINT WARNING * * *
You feel very sick. The gnoll hits you with a +0 halberd.
* * * LOW HITPOINT WARNING * * *
A demonic guardian appears!
The gnoll hits you with a +0 club.
You die...

#........#
#........#
+........#
#........#
#........#
#g#<#
#4#g#
#.#g#
#g@.#
#####


You could see 4 gnolls and a friendly hellwing (summoned, wandering).

Vanquished Creatures
  An ice beast (D:3)
  A jelly (D:4)
  Natasha (thrice) (D:2)
  4 adders
  A worm (D:2)
  A dart slug (D:1)
  4 endoplasms
  4 giant cockroaches
  8 goblins
  9 hobgoblins
  3 jackals (D:2)
  5 quokkas
  7 ball pythons
  14 bats
  2 frilled lizards (D:1)
  7 kobolds
  A rat (D:2)
75 creatures vanquished.

Vanquished Creatures (collateral kills)
  An adder (D:2)
  A worm (D:3)
  A hobgoblin (D:2)
  A rat (D:2)
4 creatures vanquished.

Grand Total: 79 creatures vanquished

Notes
Turn   | Place    | Note
-------+----------+-------------------------------------------
     0 | D:1      | IdlyInterested the Demonspawn Wanderer began the quest for
                  | the Orb.
     0 | D:1      | IdlyInterested set off with the following items: a +0
                  | dagger, 8 poisoned darts, a wand of polymorph (17), a
                  | potion of lignification, a +0 leather armour; and the
                  | following spell memorised: Slow; and the following spells
                  | available to memorise: Dazzling Flash.
     0 | D:1      | Reached XP level 1. HP: 13/13 MP: 2/2
   364 | D:1      | Gained mutation: You are partially covered in icy blue
                  | scales. (AC +2) [demonic ancestry]
   364 | D:1      | Reached XP level 2. HP: 20/20 MP: 3/3
   481 | D:1      | Reached skill level 1 in Stealth
   553 | D:1      | Reached skill level 1 in Fighting
   812 | D:1      | Found Vuoda's General Store.
   870 | D:1      | Gained mutation: A weak demonic guardian rushes to your
                  | aid. [demonic ancestry]
   870 | D:1      | Reached XP level 3. HP: 16/26 MP: 4/4
  1052 | D:1      | Learned a level 3 spell: Dazzling Flash
  1394 | D:1      | Bought a potion of resistance for 100 gold pieces
  1394 | D:1      | Bought a scroll of identify for 20 gold pieces
  1441 | D:2      | Gained mutation: A demonic guardian rushes to your aid.
                  | [demonic ancestry]
  1441 | D:2      | Reached XP level 4. HP: 33/33 MP: 5/5
  1529 | D:2      | Identified a scroll of acquirement
  1529 | D:2      | Acquired a manual of Spellcasting
  1592 | D:2      | Found Haghyrph's Armour Shoppe.
  1634 | D:2      | Noticed Natasha
  1641 | D:2      | Killed Natasha
  1667 | D:2      | Noticed Natasha
  1676 | D:2      | Killed Natasha
  1677 | D:2      | Reached skill level 1 in Dodging
  1677 | D:2      | Reached XP level 5. HP: 18/40 MP: 6/6
  1956 | D:2      | Noticed Natasha
  1964 | D:2      | Killed Natasha
  2209 | D:1      | Bought a potion of flight for 30 gold pieces
  2664 | D:3      | Noticed an ice beast
  2678 | D:3      | Killed an ice beast
  2679 | D:3      | Gained mutation: You regenerate magic rapidly. [demonic
                  | ancestry]
  2679 | D:3      | Reached XP level 6. HP: 27/48 MP: 6/8
  3009 | D:3      | Found a bloodstained altar of Trog.
  3109 | D:4      | Slain by a gnoll

Illustrated notes

Levels and vault maps discovered:
D:1:      spicycebolla_arrival_transporter_tutorial, layout_loops_corners,
          serial_shops, nicolae_shop_behind_doors, minmay_stone_trees_small,
          minmay_tripent
D:2:      layout_basic, serial_shops, nicolae_shop_statue_plus, minmay_tall_x,
          uniq_natasha
D:3:      layout_basic, old_standard_altar
D:4:      layout_basic, nzn_wu_jian_council_hall, nicolae_tso_swordbearing_angel

Skill      XL: |  1  2  3  4  5  6 |
---------------+-------------------+-----
Stealth        | 1 2 |  2.0
Fighting       | 1 2 3 4 |  4.1
Hexes          | 2 |  2.0
Armour         | 2 |  2.0
Dodging        | 1 |  1.8
Spellcasting   | 2 |  2.0
Throwing       | |  2.6
Conjurations   | |  0.2
Evocations     | |  4.0

Action                   |  1- 3 |  4- 6 || total
-------------------------+-------+-------++-------
Melee: Dagger            |    24 |       ||    24
       War axe           |   109 |   122 ||   231
       Punch             |     2 |     2 ||     4
Throw: Dart              |       |     2 ||     2
  Use: Scroll            |     4 |     5 ||     9
       Potion            |       |     1 ||     1
Armor: Leather armour    |    26 |       ||    26
       Scale mail        |    68 |    67 ||   135
Dodge: Dodged            |   100 |    75 ||   175
Block: Other             |       |    38 ||    38

Table legend: (Time is in decaauts)
 A = Elapsed time spent in this place.
 B = Non-inter-level travel time spent in this place.
 C = Inter-level travel time spent in this place.
 D = Time resting spent in this place.
 E = Time spent auto-exploring this place.
 F = Levels seen in this place.
 G = Mean time per level.
                   A        B        C        D        E       F      G
               +--------+--------+--------+--------+--------+-----+--------+
         Total |   3240 |   2855 |    385 |    318 |   1668 |   4 |  810.0 |
       Dungeon |   3240 |   2855 |    385 |    318 |   1668 |   4 |  810.0 |
               +--------+--------+--------+--------+--------+-----+--------+

Top non-repeatable levels by time:
     D:1: 1385 daAuts
     D:2: 1059 daAuts
     D:3: 777 daAuts
     D:4: 18 daAuts
